General information
			
			
        
        - name: BNet
 
        - type: Ladder 1vs1/FFA
 
        - host: Battle.net
 
        - saver: Berkeley
 
        
map: EchoIsles 
        - players: 2
 
        - length: 22:02
 
        - speed: Fast
 - version: 1.22 W3XP
 - replay type:  Public
 
» download(82 KB)
Players
        team 1 (winner) 
              
              
Berkeley (
blue | 119 APM | 2620 actions | 22:02)
              
 6 Demon Hunter 
 3 Mana Burn
 2 Evasion
 1 Metamorphosis
 4 Pandaren Brewmaster 
 2 Breath of Fire
 2 Drunken Haze
 
                » actions 
                
                | Assign group hotkey | 29 |  | 
| Basic commands | 119 |  | 
| Build / train | 78 |  | 
| ESC pressed | 10 |  | 
| Enter build submenu | 19 |  | 
| Enter hero's abilities submenu | 12 |  | 
| Give item / drop item | 1 |  | 
| Right click | 1120 |  | 
| Select / deselect | 752 |  | 
| Select group hotkey | 349 |  | 
| Use ability | 131 |  | 
                2620 total
 » units 
                
                | Wisp | 27 |  | 
| Archer | 5 |  | 
| Dryad | 8 |  | 
| Druid of the Claw | 10 |  | 
                50 total
 » upgrades
                
                | Abolish Magic | 1 |  | 
| Druid of the Claw Training | 3 |  | 
| Mark of the Claw | 1 |  | 
| Strength of the Wild | 1 |  | 
                6 total
 » buildings
                
                | Altar of Elders | 1 |  | 
| Moon Well | 6 |  | 
| Ancient of War | 1 |  | 
| Tree of Ages | 1 |  | 
| Hunter's Hall | 1 |  | 
| Ancient of Lore | 5 |  | 
| Ancient of Wonders | 3 |  | 
| Tree of Eternity | 1 |  | 
| Tree of Life | 1 |  | 
                20 total
 » build order
                00:03 Altar of Elders
00:05 Moon Well
01:15 Ancient of War
01:29 Moon Well
02:37 Tree of Ages
03:41 Hunter's Hall
03:45 Moon Well
05:00 Ancient of Lore
05:03 Ancient of Lore
05:54 Ancient of Wonders
06:52 Ancient of Lore
07:43 Tree of Eternity
07:50 Ancient of Wonders
08:47 Moon Well
10:25 Moon Well
10:53 Ancient of Lore
11:41 Ancient of Wonders
11:56 Moon Well
15:05 Ancient of Lore
16:26 Tree of Life
» items
                
                | Scroll of Town Portal | 3 |  | 
| Orb of Venom | 1 |  | 
| Lesser Clarity Potion | 2 |  | 
| Moonstone | 1 |  | 
| Potion of Healing | 1 |  | 
                8 total
  
               team 2 (loser) 
              
              
Intro2speed101 (
yellow | 90 APM | 1975 actions | 22:01)
              
 5 Archmage 
 3 Summon Water Elemental
 2 Brilliance Aura
 3 Mountain King 
 2 Storm Bolt
 1 Bash
 
                » actions 
                
                | Assign group hotkey | 63 |  | 
| Basic commands | 107 |  | 
| Build / train | 80 |  | 
| ESC pressed | 3 |  | 
| Enter build submenu | 16 |  | 
| Enter hero's abilities submenu | 8 |  | 
| Give item / drop item | 2 |  | 
| Right click | 570 |  | 
| Select / deselect | 392 |  | 
| Select group hotkey | 654 |  | 
| Use ability | 79 |  | 
                1975 total
 » units 
                
                | Peasant | 8 |  | 
| Footman | 2 |  | 
| Rifleman | 19 |  | 
| Mortar Team | 5 |  | 
| Priest | 6 |  | 
| Spell Breaker | 5 |  | 
| Sorceress | 4 |  | 
                49 total
 » upgrades
                
                | Gunpowder | 1 |  | 
| Armor | 1 |  | 
| Long Rifles | 1 |  | 
| Flare | 1 |  | 
                4 total
 » buildings
                
                | Altar of Kings | 1 |  | 
| Barracks | 1 |  | 
| Farm | 9 |  | 
| Scout Tower | 1 |  | 
| Blacksmith | 1 |  | 
| Arcane Tower | 1 |  | 
| Arcane Vault | 1 |  | 
| Keep | 1 |  | 
| Workshop | 1 |  | 
| Arcane Sanctum | 1 |  | 
                18 total
 » build order
                00:07 Altar of Kings
00:20 Barracks
00:34 Farm
00:50 Farm
01:30 Scout Tower
01:56 Blacksmith
02:06 Arcane Tower
02:16 Farm
03:05 Arcane Vault
04:39 Farm
05:05 Keep
05:25 Farm
08:00 Farm
08:05 Workshop
08:27 Farm
08:50 Arcane Sanctum
11:06 Farm
12:47 Farm
» items
                
                | Scroll of Regeneration | 4 |  | 
| Scroll of Town Portal | 1 |  | 
| Potion of Healing | 6 |  | 
| Potion of Mana | 2 |  | 
                13 total
  
                Chat log
          
(21:58 / All) Intro2speed101: gg